AoeStats
← xxCamper_2

Black Forest

503370103Analyzed
3v3 RM · 1mo ago on Aug 31, 2026· 54m 17s· 6 players
Game mode
Random Map
Map size
Normal (6 player)
Population
200
Speed
Normal
Resources
Standard
Victory
Conquest
Starting age
Dark Age
Ending age
Imperial Age
RankedLock teamsTeams togetherTeam positionsShared explorationLock speedFull tech treeHidden civsTurbo modeCheats
Victory
Defeat
🇨🇴 Slavs · Colombia
1235
+15
🇬🇧 Mongols · United Kingdom
1229
+15
🇲🇽 Franks · Mexico
1155
+19
🇸🇰 Persians · Slovakia
1365
-23
🇬🇧 Malians · United Kingdom
1186
-41
🇩🇪 Cumans · Germany
1098
-11
Waz1upp
0:32 Loom
11:14 Feudal Age
17:50 Castle Age
16:19 Double-Bit Axe
16:21 Horse Collar
16:36 Gold Mining
21:35 Forging
22:53 Scale Barding Armor
33:24 Iron Casting
36:55 Scale Mail Armor
38:46 Wheelbarrow
43:07 Imperial Age
42:53 Gold Shaft Mining
42:08 Stone Mining
42:38 Hand Cart
43:54 Bow Saw
44:05 Farimba
44:36 Farimba
46:49 Chain Mail Armor
47:34 Pikeman
47:49 Elite Gbeto
50:25 Plate Mail Armor
EL-CIGARETTO
0:29 Loom
12:16 Feudal Age
15:32 Horse Collar
21:58 Castle Age
41:05 Wheelbarrow
40:29 Gold Mining
40:29 Stone Mining
40:51 Scale Barding Armor
40:57 Forging
44:01 Imperial Age
42:46 Gold Shaft Mining
43:11 Bloodlines
42:23 Light Cavalry
44:16 Chain Barding Armor
44:32 Iron Casting
45:14 Hand Cart
45:02 Scale Mail Armor
44:51 Pikeman
45:32 Squires
45:03 Cavalier
45:52 Halberdier
xxCamper_2
0:48 Loom
10:19 Feudal Age
10:52 Double-Bit Axe
17:25 Castle Age
15:39 Horse Collar
25:33 Gold Mining
27:24 Stone Mining
28:53 Wheelbarrow
28:59 Stone Shaft Mining
29:04 Bow Saw
29:22 Town Watch
33:07 Imperial Age
30:58 Bloodlines
31:01 Scale Barding Armor
31:23 Forging
31:19 Fletching
32:15 Chain Barding Armor
31:59 Husbandry
32:22 Scale Mail Armor
33:32 Iron Casting
33:36 Chain Mail Armor
32:45 Pikeman
32:48 Cavalier
33:48 Squires
33:34 Arson
35:04 Two-Man Saw
34:55 Plate Barding Armor
35:09 Gold Shaft Mining
34:56 Bodkin Arrow
34:30 Halberdier
34:57 Gambesons
37:15 Blast Furnace
36:52 Savar
38:13 Plate Mail Armor
38:55 Citadels
39:28 Ballistics
39:00 Heated Shot
40:11 Chemistry
41:08 Hand Cart
43:58 Murder Holes
46:51 Hoardings
46:39 Conscription
50:22 Crossbowman
51:08 Thumb Ring
51:12 Padded Archer Armor
52:42 Kamandaran
Ham Shank
2:43 Loom
11:33 Feudal Age
12:45 Double-Bit Axe
12:57 Gold Mining
15:24 Castle Age
16:22 Fletching
17:52 Bow Saw
20:52 Ballistics
28:59 Horse Collar
31:16 Wheelbarrow
32:42 Heavy Plow
35:10 Stone Mining
36:26 Gold Shaft Mining
37:21 Hand Cart
42:29 Imperial Age
40:02 Bodkin Arrow
41:43 Padded Archer Armor
42:55 Onager
44:42 Bracer
45:45 Chemistry
44:54 Thumb Ring
45:15 Parthian Tactics
45:02 Bloodlines
46:36 Drill
46:37 Conscription
47:14 Masonry
47:11 Siege Engineers
48:54 Elite Mangudai
dl_king
1:34 Loom
13:14 Feudal Age
17:01 Castle Age
16:21 Double-Bit Axe
18:22 Wheelbarrow
18:03 Fishing Lines
19:28 Bow Saw
19:15 Town Watch
21:46 Gold Mining
22:42 Gillnets
23:59 Stone Mining
24:52 Gold Shaft Mining
25:22 Town Patrol
26:58 Hand Cart
27:44 Hand Cart
30:05 Forging
30:00 Scale Barding Armor
29:57 Padded Archer Armor
29:48 Fletching
32:59 Imperial Age
31:15 Husbandry
30:35 Light Cavalry
33:09 Chain Barding Armor
33:24 Iron Casting
32:45 Bodkin Arrow
33:16 Ballistics
33:10 Elite Throwing Axeman
34:17 Conscription
34:49 #83
35:18 Plate Barding Armor
35:43 Blast Furnace
35:13 Caravan
35:44 Coinage
35:58 Leather Archer Armor
36:43 Blast Furnace
35:55 Chivalry
36:38 Hoardings
36:08 Onager
40:45 Cavalier
42:43 Chemistry
43:04 Paladin
44:46 Murder Holes
44:57 Siege Engineers
Jarp_33
1:39 Loom
11:13 Feudal Age
13:13 Double-Bit Axe
14:48 Horse Collar
19:57 Castle Age
19:23 Man-at-Arms
20:11 Pikeman
21:44 Forging
22:05 Long Swordsman
24:42 Scale Mail Armor
28:13 Crossbowman
29:13 Fletching
29:49 Bodkin Arrow
30:25 Bow Saw
32:20 Wheelbarrow
32:36 Ballistics
33:28 Padded Archer Armor
37:09 Fortified Wall
39:33 Imperial Age
39:52 Detinets
40:16 Hand Cart
40:58 Elite Boyar
42:01 Conscription
41:26 Two-Handed Swordsman
43:04 Scale Barding Armor
43:06 Champion
44:44 Heavy Plow
45:46 Two-Man Saw
44:42 Gold Mining
46:13 Iron Casting
45:59 Chain Barding Armor
47:55 Druzhina
47:58 Squires
48:36 Hoardings
49:54 Blast Furnace
Connection lost

Rejoining the realm…

Still unreachable

The connection could not be restored.

Session expired

The server has moved on; the page needs a fresh start.